 Dungeon Crawl Stone Soup version 0.21-a0-171-g0f4a3b6 (webtiles) character file.

67 seren the Shield-Bearer (level 4, -2/46 HPs)
             Began as an Octopode Fighter on Aug 7, 2017.
             Slain by Ijyb
             ... wielding a +0 club
              (6 damage)
             ... on level 2 of the Dungeon.
             The game lasted 00:05:05 (2049 turns).

seren the Shield-Bearer (Octopode Fighter)          Turns: 2049, Time: 00:05:06

Health: -2/46      AC:  1    Str: 20    XL:     4   Next: 16%
Magic:  4/4        EV: 12    Int: 16    God:
Gold:   83         SH:  0    Dex: 11    Spells: 3/3 levels left

rFire    . . .     SeeInvis .     - Unarmed
rCold    . . .     Gourm    .   a - +0 shield
rNeg     . . .     Faith    .   (helmet restricted)
rPois    .         Spirit   .   (no amulet)
rElec    .         Reflect  .   (no ring)
rCorr    .         Harm     .   (no ring)
MR       .....                  (no ring)
Stlth    ..........             (no ring)
HPRegen  0.15/turn              (no ring)
MPRegen  0.09/turn              (no ring)
                                (no ring)
                                (no ring)

@: confused, brilliant, berserking, very quick
A: almost no armour, stealthy swim, amphibious, 8 rings, constrict 8, camouflage
1, gelatinous body 1
a: no special abilities


You were on level 2 of the Dungeon.
You were not hungry.

You visited 1 branch of the dungeon, and saw 3 of its levels.

You collected 83 gold pieces.

Inventory:

Missiles
 i - 3 needles of sleeping
 l - 41 poisoned needles
 v - 35 stones (quivered)
Armour
 a - a +0 shield (worn)
Jewellery
 e - a +3 ring of strength {unknown}
 h - an uncursed ring of protection from fire {unknown}
Wands
 q - a wand of iceblast (13/15)
Scrolls
 d - a scroll of enchant armour {unknown}
 f - a scroll of teleportation {unknown}
 j - 4 scrolls of remove curse {unknown}
Potions
 b - a potion of might
 k - a potion of haste {unknown}
 m - a potion of brilliance
 n - a potion of berserk rage
 o - a potion of invisibility {unknown}
 p - a potion of mutation {unknown}
 r - a potion of heal wounds {unknown}
 s - a potion of flight {unknown}
Comestibles
 c - 2 bread rations
 g - a meat ration
 t - a royal jelly
 u - 4 chunks of flesh
 w - 4 fruits


   Skills:
 + Level 3.3 Fighting
 + Level 3.3 Dodging
 + Level 2.7 Stealth
 + Level 3.4 Shields
 + Level 2.4 Unarmed Combat


You had 3 spell levels left.
You didn't know any spells.

Dungeon Overview and Level Annotations

Branches:
Dungeon (3/15)

Altars:
Xom

Annotations:
D:2 Ijyb


Innate Abilities, Weirdness & Mutations

You cannot wear most types of armour.
You are very stealthy in the water. (Stealth+)
You are amphibious.
You can wear up to eight rings at the same time.
You can use your tentacles to constrict eight enemies at once.
Your skin changes colour to match your surroundings (Stealth+).
Your rubbery body absorbs attacks. (AC +1, EV +1)


Message History

You're too confused to move!
The goblin misses you. Ijyb hits you with a club.
* * * LOW HITPOINT WARNING * * *
You bump into the rock wall.
The goblin barely misses you. Ijyb hits you with a club.
* * * LOW HITPOINT WARNING * * *
It was a potion of brilliance.
You feel clever all of a sudden. The goblin hits you but does no damage.
It was a potion of berserk rage.
A red film seems to cover your vision as you go berserk!
You feel yourself moving faster!
You feel mighty! Ijyb hits you but does no damage.
The goblin hits you with a club.
* * * LOW HITPOINT WARNING * * *
You bump into the rock wall.
You feel a strong urge to attack something.
Ijyb zaps a wand.
You are more confused.
The goblin barely misses you.
You barely miss Ijyb. Ijyb hits you with a club.
You die...

#.........#...# #...#
#.........##..# #...#
#.........##..## #...#
#.........#....# #...#
#.........#....# #...#
#.........#....###...#
###########.#.......##
#.#g###...####
#.g@##......<#
######....####
###....# #[##.# #....#
######


You could see Ijyb and a goblin.

Vanquished Creatures
  2 adders (D:2)
  An ooze (D:1)
  A leopard gecko (D:3)
  3 orcs
  4 giant cockroaches
  4 hobgoblins (D:1)
  3 kobolds
  6 bats
  3 frilled lizards
  8 goblins
  6 rats
41 creatures vanquished.

Notes
Turn   | Place    | Note
-------+----------+-------------------------------------------
     0 | D:1      | seren the Octopode Fighter began the quest for the Orb.
     0 | D:1      | Reached XP level 1. HP: 16/16 MP: 1/1
   164 | D:1      | Reached skill level 1 in Stealth
   306 | D:1      | Reached XP level 2. HP: 17/21 MP: 2/2
   749 | D:2      | Reached XP level 3. HP: 26/26 MP: 3/3
  1005 | D:2      | Found a shimmering altar of Xom.
  1699 | D:2      | Reached XP level 4. HP: 15/31 MP: 4/4
  1881 | D:3      | Noticed Ijyb
  2049 | D:2      | Slain by Ijyb

Vault maps used:
D:1:      dpeg_arrival_stonehenge_8_columns, roderic_roman_lattice
D:2:      lemuel_coloured_pillars_altar, first_bread
D:3:      kennysheep_the_goblin_king, chequers_ecumenical_altar_island,
          uniq_ijyb, uniq_crazy_yiuf_cottage

Skill      XL: |  1  2 |
---------------+-------+-----
Stealth        | 1 2 |  2.7
Fighting       | |  3.3
Dodging        | |  3.3
Shields        | |  3.4
Unarmed Combat | |  2.4

Action                   |  1- 3 |  4- 6 || total
-------------------------+-------+-------++-------
Melee: Unarmed           |    85 |    20 ||   105
       Constrict         |    21 |     6 ||    27
       Tentacles         |    10 |     4 ||    14
  Use: Potion            |       |     2 ||     2
 Stab: Sleeping          |     7 |       ||     7
  Eat: Chunk             |     2 |     2 ||     4
Armor: Skin              |     8 |     4 ||    12
Dodge: Dodged            |    28 |    13 ||    41
Block: Shield            |    34 |     8 ||    42
